PA
SOUTH BEACH BLAZE @ YELLOWKNIFE DRAGONBLOOD
07/17/2030
 
TOP OF THE 1ST
South Beach Blaze batting - Pitching for Yellowknife Dragonblood : RHP Eugenio Piñeiro
Pitching: RHP Eugenio Piñeiro
Batting: RHB Ed Bowers 0-0: Ball
1-0: Ground out 6-3 (Groundball, 56)
Batting: SHB Serious Lee 0-0: Ground out 1-3 (Groundball, 13S)
Batting: RHB Juan Reyes 0-0: Swinging Strike
0-1: Foul Ball, location: 2F
0-2: Ball
1-2: Foul Ball, location: 2F
1-2: Ball
2-2: Foul Ball, location: 2F
2-2: Foul Ball, location: 2F
2-2: Ball
3-2: Foul Ball, location: 2F
3-2: Strikes out looking
Top of the 1st over - 0 runs, 0 hits, 0 errors, 0 left on base; South Beach 0 - Yellowknife 0
BOTTOM OF THE 1ST
Yellowknife Dragonblood batting - Pitching for South Beach Blaze : RHP Shalom Levasier
Pitching: RHP Shalom Levasier
Batting: RHB Gilberto Clemente 0-0: Ball
1-0: Foul Ball, location: 2F
1-1: Ball
2-1: Foul Ball, location: 2F
2-2: Ball
3-2: Base on Balls
Batting: RHB Bill Boyd 0-0: Ball
1-0: Foul Ball, location: 2F
1-1: Foul Ball, location: 2F
1-2: Ball
2-2: Ball
3-2: Ground out 5-3 (Groundball, 56S)
Gilberto Clemente to second
Batting: LHB Chris Fitzgerald 0-0: Fly out, F7 (Flyball, 7D)
Runner from 2nd tags up, SAFE at 3rd, no throw
Batting: RHB Víctor Cuevas 0-0: Called Strike
0-1: Fly out, F4 (Line Drive, 4)
Bottom of the 1st over - 0 runs, 0 hits, 0 errors, 1 left on base; South Beach 0 - Yellowknife 0
TOP OF THE 2ND
South Beach Blaze batting - Pitching for Yellowknife Dragonblood : RHP Eugenio Piñeiro
Batting: RHB Fortunato Rasquinha 0-0: Ball
1-0: Ball
2-0: Foul Ball, location: 2F
2-1: Ball
3-1: Base on Balls
Batting: SHB Noah Martone 0-0: Ball
1-0: Grounds into double play, 4-6-3 (Groundball, 4)
Batting: RHB Daniel Bertrand 0-0: Ball
1-0: Called Strike
1-1: Fly out, F9 (Flyball, 9S)
Top of the 2nd over - 0 runs, 0 hits, 0 errors, 0 left on base; South Beach 0 - Yellowknife 0
BOTTOM OF THE 2ND
Yellowknife Dragonblood batting - Pitching for South Beach Blaze : RHP Shalom Levasier
Batting: RHB Gonzalo Vásquez 0-0: Fly out, F3 (Popup, 3DF)
Batting: SHB Sean Scheetz 0-0: Ball
1-0: Ball
2-0: Ball
3-0: Called Strike
3-1: Ground out 1-3 (Groundball, 13)
Batting: RHB Cristo Cuervo 0-0: Swinging Strike
0-1: Called Strike
0-2: DOUBLE (Line Drive, 7LM)
Batting: RHB Mitsuhide Bando 0-0: Swinging Strike
0-1: Ball
1-1: Fly out, F7 (Flyball, 7D)
Bottom of the 2nd over - 0 runs, 1 hit, 0 errors, 1 left on base; South Beach 0 - Yellowknife 0
TOP OF THE 3RD
South Beach Blaze batting - Pitching for Yellowknife Dragonblood : RHP Eugenio Piñeiro
Batting: LHB Ricardo Elías 0-0: Swinging Strike
0-1: Ball
1-1: Swinging Strike
1-2: Strikes out swinging
Batting: RHB Dennis Wacher 0-0: Ball
1-0: Foul Ball, location: 2F
1-1: SINGLE (Flyball, 89S)
Batting: SHB Edward Sterrenburg 0-0: Called Strike
0-1: Ball
1-1: Ball
2-1: Foul Ball, location: 2F
2-2: Foul Ball, location: 2F
2-2: Strikes out swinging
Batting: RHB Ed Bowers 0-0: Swinging Strike
0-1: Foul Ball, location: 2F
0-2: Foul Ball, location: 2F
0-2: Ball
Dennis Wacher is caught stealing 2nd base
Top of the 3rd over - 0 runs, 1 hit, 0 errors, 0 left on base; South Beach 0 - Yellowknife 0
BOTTOM OF THE 3RD
Yellowknife Dragonblood batting - Pitching for South Beach Blaze : RHP Shalom Levasier
Batting: RHB Melvin Thomas 0-0: Ball
1-0: Foul Ball, location: 2F
1-1: Ball
2-1: Foul Ball, location: 2F
2-2: Foul Ball, location: 2F
2-2: Fly out, F3 (Popup, 3S)
Batting: RHB Gilberto Clemente 0-0: Ball
1-0: Ball
2-0: Called Strike
2-1: SOLO HOME RUN (Flyball, 7D), Distance : 377 ft
Batting: RHB Bill Boyd 0-0: Ball
1-0: Called Strike
1-1: Ball
2-1: Swinging Strike
2-2: Strikes out looking
Batting: LHB Chris Fitzgerald 0-0: Ball
1-0: Ball
2-0: Ball
3-0: Base on Balls
Batting: RHB Víctor Cuevas 0-0: Ground out 4-3 (Groundball, 34)
Bottom of the 3rd over - 1 run, 1 hit, 0 errors, 1 left on base; South Beach 0 - Yellowknife 1
TOP OF THE 4TH
South Beach Blaze batting - Pitching for Yellowknife Dragonblood : RHP Eugenio Piñeiro
Batting: RHB Ed Bowers 0-0: Reached on error, E6 (Groundball, 6)
Batting: SHB Serious Lee 0-0: Foul Ball, location: 2F
0-1: Foul Ball, location: 2F
0-2: Ball
1-2: Ball
2-2: Ball
3-2: Strikes out swinging
Ed Bowers steals 2nd base
Batter strikes out.
Batting: RHB Juan Reyes 0-0: Called Strike
0-1: Ball
1-1: Ball
2-1: Ground out 6-3 (Groundball, 6)
Batting: RHB Fortunato Rasquinha 0-0: Ball
1-0: Ball
2-0: Called Strike
2-1: Foul Ball, location: 2F
2-2: Ground out 4-3 (Groundball, 4)
Top of the 4th over - 0 runs, 0 hits, 1 error, 1 left on base; South Beach 0 - Yellowknife 1
BOTTOM OF THE 4TH
Yellowknife Dragonblood batting - Pitching for South Beach Blaze : RHP Shalom Levasier
Batting: RHB Gonzalo Vásquez 0-0: Called Strike
0-1: Ball
1-1: Fly out, F8 (Flyball, 8RS)
Batting: SHB Sean Scheetz 0-0: Called Strike
0-1: Ball
1-1: Ball
2-1: Ground out 1-3 (Groundball, P)
Batting: RHB Cristo Cuervo 0-0: Ball
1-0: Ball
2-0: Called Strike
2-1: Ground out 4-3 (Groundball, 4M)
Bottom of the 4th over - 0 runs, 0 hits, 0 errors, 0 left on base; South Beach 0 - Yellowknife 1
TOP OF THE 5TH
South Beach Blaze batting - Pitching for Yellowknife Dragonblood : RHP Eugenio Piñeiro
Batting: SHB Noah Martone 0-0: DOUBLE (Flyball, 8LXD)
Batting: RHB Daniel Bertrand 0-0: Ball
1-0: Ground out 4-3 (Groundball, 4)
Noah Martone to third
Batting: LHB Ricardo Elías 0-0: Ball
1-0: Ground out 4-3 (Groundball, 4M)
Noah Martone scores
Batting: RHB Dennis Wacher 0-0: Ball
1-0: Ball
2-0: Fly out, F8 (Flyball, 8RM)
Top of the 5th over - 1 run, 1 hit, 0 errors, 0 left on base; South Beach 1 - Yellowknife 1
BOTTOM OF THE 5TH
Yellowknife Dragonblood batting - Pitching for South Beach Blaze : RHP Shalom Levasier
Batting: RHB Mitsuhide Bando 0-0: Ground out 6-3 (Groundball, 6M)
Batting: RHB Melvin Thomas 0-0: Ball
1-0: Ball
2-0: Ball
3-0: Called Strike
3-1: Fly out, F9 (Flyball, 89D)
Batting: RHB Gilberto Clemente 0-0: Ball
1-0: Ball
2-0: Called Strike
2-1: Foul Ball, location: 2F
2-2: Strikes out swinging
Bottom of the 5th over - 0 runs, 0 hits, 0 errors, 0 left on base; South Beach 1 - Yellowknife 1
TOP OF THE 6TH
South Beach Blaze batting - Pitching for Yellowknife Dragonblood : RHP Eugenio Piñeiro
Batting: SHB Edward Sterrenburg 0-0: Ground out 4-3 (Groundball, 4)
Batting: RHB Ed Bowers 0-0: Called Strike
0-1: Ball
1-1: Ball
2-1: Fly out, F8 (Flyball, 8RS)
Batting: SHB Serious Lee 0-0: Called Strike
0-1: Swinging Strike
0-2: Ball
1-2: Ball
2-2: Foul Ball, location: 2F
2-2: Strikes out swinging
Top of the 6th over - 0 runs, 0 hits, 0 errors, 0 left on base; South Beach 1 - Yellowknife 1
BOTTOM OF THE 6TH
Yellowknife Dragonblood batting - Pitching for South Beach Blaze : LHP Unto Leino
Pitching: LHP Unto Leino
Batting: RHB Bill Boyd 0-0: Ball
1-0: Called Strike
1-1: Foul Ball, location: 2F
1-2: Ball
2-2: SINGLE (Line Drive, 6M)
Batting: LHB Chris Fitzgerald 0-0: Ball
1-0: Called Strike
1-1: Swinging Strike
1-2: Ball
2-2: Foul Ball, location: 2F
2-2: Strikes out swinging
Batting: RHB Víctor Cuevas 0-0: Called Strike
0-1: Ball
Bill Boyd steals 2nd base
1-1: Intentional Walk
Batting: RHB Gonzalo Vásquez 0-0: Ball
1-0: Called Strike
1-1: Foul Ball, location: 2F
1-2: Ball
2-2: Foul Ball, location: 2F
2-2: Fly out, F5 (Line Drive, 5S)
Batting: SHB Sean Scheetz 0-0: Ball
1-0: SINGLE (Groundball, 6MD)
Bill Boyd to third
Víctor Cuevas to second
Runner from 3rd tries for Home, SAFE, no throw
Batting: RHB Cristo Cuervo 0-0: Ball
1-0: Foul Ball, location: 2F
1-1: Ball
2-1: Fly out, F3 (Popup, 3)
Bottom of the 6th over - 1 run, 2 hits, 0 errors, 2 left on base; South Beach 1 - Yellowknife 2
TOP OF THE 7TH
South Beach Blaze batting - Pitching for Yellowknife Dragonblood : RHP Eugenio Piñeiro
Batting: RHB Juan Reyes 0-0: Called Strike
0-1: Ball
1-1: Ball
2-1: Swinging Strike
2-2: Strikes out looking
Batting: RHB Fortunato Rasquinha 0-0: Swinging Strike
0-1: Ball
1-1: SOLO HOME RUN (Flyball, 9LD), Distance : 358 ft
Batting: SHB Noah Martone 0-0: Ball
1-0: Ball
2-0: Foul Ball, location: 2F
2-1: Ball
3-1: Foul Ball, location: 2F
3-2: Base on Balls
Batting: RHB Daniel Bertrand 0-0: Ball
1-0: Called Strike
1-1: Foul Ball, location: 2F
1-2: SINGLE (Line Drive, 9S)
Noah Martone to second
Runner from 2nd tries for 3rd, SAFE, no throw
Batting: LHB Ricardo Elías 0-0: Ball
1-0: Ball
2-0: Swinging Strike
2-1: Swinging Strike
2-2: Ball
3-2: Strikes out swinging
Pinch Hitting: LHB Ed Gordon 0-0: Foul Ball, location: 2F
0-1: Ball
1-1: Ball
2-1: Foul Ball, location: 2F
2-2: Single, Error in OF, E8, batter to second base
Noah Martone scores
Daniel Bertrand to third
Batting: SHB Edward Sterrenburg 0-0: Called Strike
0-1: Fly out, F7 (Flyball, 7S)
Top of the 7th over - 2 runs, 3 hits, 1 error, 2 left on base; South Beach 3 - Yellowknife 2
BOTTOM OF THE 7TH
Yellowknife Dragonblood batting - Pitching for South Beach Blaze : LHP Unto Leino
Now in RF: Ed Gordon
Batting: RHB Mitsuhide Bando 0-0: Ball
1-0: Called Strike
1-1: SINGLE (Flyball, 78M)
Pinch Hitting: RHB Víctor Murguia 0-0: Grounds into double play, 4-6-3 (Groundball, 4)
Batting: RHB Gilberto Clemente 0-0: Ground out 6-3 (Groundball, 56)
Bottom of the 7th over - 0 runs, 1 hit, 0 errors, 0 left on base; South Beach 3 - Yellowknife 2
TOP OF THE 8TH
South Beach Blaze batting - Pitching for Yellowknife Dragonblood : RHP Eugenio Piñeiro
Pitching: LHP Tony Torres
Now at SS: Víctor Murguia
Batting: RHB Ed Bowers 0-0: Ball
1-0: Ball
2-0: Called Strike
2-1: Ball
3-1: Ground out 4-3 (Groundball, 4)
Batting: SHB Serious Lee 0-0: Called Strike
0-1: Ball
1-1: Swinging Strike
1-2: Strikes out looking
Batting: RHB Juan Reyes 0-0: Called Strike
0-1: Ball
1-1: Fly out, F8 (Flyball, 8RD)
Top of the 8th over - 0 runs, 0 hits, 0 errors, 0 left on base; South Beach 3 - Yellowknife 2
BOTTOM OF THE 8TH
Yellowknife Dragonblood batting - Pitching for South Beach Blaze : LHP Unto Leino
Batting: RHB Bill Boyd 0-0: Called Strike
0-1: Ball
1-1: Ball
2-1: Fly out, F7 (Flyball, 7)
Batting: LHB Chris Fitzgerald 0-0: Foul Ball, location: 2F
0-1: Ground out 6-3 (Groundball, 6S)
Batting: RHB Víctor Cuevas 0-0: Foul Ball, location: 2F
0-1: Ball
1-1: SINGLE (Line Drive, 56)
Pitching: RHP Sima Babic
Batting: RHB Gonzalo Vásquez 0-0: Ball
1-0: Ball
2-0: SINGLE (Flyball, 7LS)
Víctor Cuevas to second
Batting: SHB Sean Scheetz 0-0: Ground out U3 (Groundball, 3L)
Bottom of the 8th over - 0 runs, 2 hits, 0 errors, 2 left on base; South Beach 3 - Yellowknife 2
TOP OF THE 9TH
South Beach Blaze batting - Pitching for Yellowknife Dragonblood : LHP Tony Torres
Batting: RHB Fortunato Rasquinha 0-0: Called Strike
0-1: Called Strike
0-2: Ball
1-2: Ball
2-2: Strikes out swinging
Batting: SHB Noah Martone 0-0: Called Strike
0-1: Called Strike
0-2: Ball
1-2: Ball
2-2: Strikes out swinging
Batting: RHB Daniel Bertrand 0-0: Ball
1-0: Ball
2-0: Called Strike
2-1: Swinging Strike
2-2: Strikes out swinging
Top of the 9th over - 0 runs, 0 hits, 0 errors, 0 left on base; South Beach 3 - Yellowknife 2
BOTTOM OF THE 9TH
Yellowknife Dragonblood batting - Pitching for South Beach Blaze : RHP Sima Babic
Batting: RHB Cristo Cuervo 0-0: Ball
1-0: Ball
2-0: Foul Ball, location: 2F
2-1: Ball
3-1: Foul Ball, location: 2F
3-2: Strikes out looking
Batting: RHB Mitsuhide Bando 0-0: Called Strike
0-1: Swinging Strike
0-2: Ball
1-2: Foul Ball, location: 2F
1-2: Foul Ball, location: 2F
1-2: Ground out 6-3 (Groundball, 56)
Batting: RHB Víctor Murguia 0-0: Called Strike
0-1: Called Strike
0-2: Strikes out swinging
Bottom of the 9th over - 0 runs, 0 hits, 0 errors, 0 left on base; South Beach 3 - Yellowknife 2
Sunday, March 18th, 2018 - OOTP Baseball 18.8 Build 76